AoeStats
← King Nikovsk II

Pilgrims

507806627Analyzed
2v2 RM · 12d ago on Sep 19, 2026· 39m 6s· 4 players
Game mode
Random Map
Map size
Medium (4 player)
Population
200
Speed
Normal
Resources
Standard
Victory
Conquest
Starting age
Dark Age
Ending age
Imperial Age
RankedLock teamsTeams togetherTeam positionsShared explorationLock speedFull tech treeHidden civsTurbo modeCheats
Victory
Defeat
🇮🇱 Armenians · Israel
1169
+12
🇮🇱 Italians · Israel
1098
+15
🇧🇷 Byzantines · Brazil
1097
-14
🇧🇷 Spanish · Brazil
1077
-13
Winter Dragon
7:38 Loom
8:54 Loom
11:48 Feudal Age
12:59 Double-Bit Axe
19:12 Castle Age
18:02 Horse Collar
18:12 Town Watch
18:21 Gold Mining
19:20 Fishing Lines
20:11 Medium Warships
22:49 Heavy Plow
34:21 Fletching
37:14 Padded Archer Armor
37:10 Bodkin Arrow
37:39 Bow Saw
37:52 Elite Skirmisher
38:38 Thumb Ring
King Nikovsk II
6:34 Loom
13:25 Feudal Age
23:38 Castle Age
22:29 Fishing Lines
23:03 Scale Barding Armor
23:09 Forging
26:06 Elite Skirmisher
27:38 Fletching
27:48 Padded Archer Armor
33:53 Husbandry
masterSplinter
4:10 Loom
11:58 Feudal Age
17:06 Castle Age
14:57 Double-Bit Axe
16:42 Fishing Lines
18:35 Bow Saw
19:02 Wheelbarrow
18:51 Medium Warships
18:59 Fletching
19:54 Padded Archer Armor
20:37 Thumb Ring
20:53 Gold Mining
21:29 Bodkin Arrow
24:08 Crossbowman
24:52 Horse Collar
26:05 Heavy Plow
29:12 Ballistics
31:24 Elite Skirmisher
32:20 Leather Archer Armor
Ezrah4Ever
7:45 Loom
10:08 Feudal Age
10:56 Double-Bit Axe
16:09 Castle Age
17:06 Medium Warships
21:10 Wheelbarrow
23:20 Hand Cart
23:52 Bow Saw
27:55 Fletching
27:30 Pikeman
28:01 Man-at-Arms
28:27 Gambesons
28:42 Squires
28:28 Arson
29:10 Horse Collar
29:17 Long Swordsman
32:38 Bodkin Arrow
38:04 Padded Archer Armor
37:52 Two-Handed Swordsman
Connection lost

Rejoining the realm…

Still unreachable

The connection could not be restored.

Session expired

The server has moved on; the page needs a fresh start.